 Dungeon Crawl Stone Soup version 0.20-a0-548-g4f8a798 (webtiles) character file.

411 Amnesiac the Poker (level 6, 0/47 HPs)
             Began as a Mummy Berserker on Feb 1, 2017.
             Was a Priest of Trog.
             Slain by a quokka (4 damage)
             ... on level 5 of the Dungeon.
             The game lasted 00:05:23 (3476 turns).

Amnesiac the Poker (Mummy Berserker)                Turns: 3476, Time: 00:05:24

Health: 0/47       AC:  6    Str: 21    XL:     6   Next: 58%
Magic:  6/6        EV: 10    Int:  6    God:    Trog [***...]
Gold:   213        SH:  0    Dex: 13    Spells: 5/5 levels left

rFire    x . .     SeeInvis .   c - +0 trident
rCold    + . .     Gourm    .   i - +0 scale mail
rNeg     + + +     Faith    .   (no shield)
rPois    ∞         Spirit   .   (no helmet)
rElec    .         Reflect  .   (no cloak)
rCorr    .         Harm     .   (no gloves)
MR       .....                  (no boots)
Stlth    ..........             (no amulet)
Regen    0.2/turn               e - ring of flight
                                d - ring of poison resistance

@: no status effects
A: no food or potions, fire vulnerability, cold resistance 1, negative energy
resistance 3, torment resistance, unbreathing
a: Trog's Hand, Burn Spellbooks, Renounce Religion, Evoke Flight


You were on level 5 of the Dungeon.
You worshipped Trog.
Trog was most pleased with you.
You were not hungry.

You visited 1 branch of the dungeon, and saw 5 of its levels.

You collected 213 gold pieces.

Inventory:

Hand Weapons
 a - a +0 spear
 c - a +0 trident (weapon)
Missiles
 h - 7 curare-tipped needles
 j - 6 javelins (quivered)
Armour
 b - a +0 animal skin
 i - a +0 scale mail (worn)
Jewellery
 d - a ring of poison resistance (left hand)
 e - a ring of flight (right hand)
Wands
 f - a wand of acid (7/15)
 m - a wand of lightning (9/15)


   Skills:
 - Level 3.0 Fighting
 + Level 6.2 Polearms
 - Level 1.5 Armour
 - Level 1.5 Dodging


You had 5 spell levels left.
You didn't know any spells.

Dungeon Overview and Level Annotations

Branches:
Dungeon (5/15)
 Temple: D:4-7

Altars:
Uskayaw

Annotations:
D:4 Menkaure


Innate Abilities, Weirdness & Mutations

You do not eat or drink.
Your flesh is vulnerable to fire.
You are immune to poison.
Your flesh is cold resistant. (rC+)
You are immune to negative energy. (rN+++)
You are immune to unholy pain and torment.
You can survive without breathing.


Message History

You miss the hound.
The hound is almost dead.
The hound bites you but does no damage.
The crimson imp picks up a beetle and eats it.
The crimson imp closely misses you. The hound barely misses you.
You closely miss the hound.
The hound is severely wounded.
The hound bites you.
* * * LOW HITPOINT WARNING * * *
The crimson imp barely misses you.
You puncture the hound!
You kill the hound!
Trog accepts your kill. The crimson imp barely misses you.
You completely miss the quokka. The quokka closely misses you.
The crimson imp barely misses you. The quokka barely misses you.
You barely miss the quokka.
The crimson imp hits you but does no damage.
The quokka bites you.
You die...

..#. ..# .#. >.. .
..# #.# .. #.. #.#
(..##.. #.#
#...>.#####.#
#...r@5..#######
#...####.(......
#....#)..####### #
##...r§......># .#
###..........##.#
#>.#.......#..##
#...#...........#
#..##......<..#...
#...#.......###


You could see a crimson imp and a quokka.

Vanquished Creatures
  A centaur (D:5)
  A hound (D:5)
  3 worker ants
  2 orc wizards (D:3)
  Robin (D:4)
  6 adders
  A worm (D:2)
  3 dart slugs
  2 leopard geckos (D:1)
  6 orcs
  7 bats
  6 giant cockroaches
  15 goblins
  14 hobgoblins
  7 jackals
  7 kobolds
  2 quokkas
  A ball python (D:3)
  3 frilled lizards
  A jackal skeleton (D:4)
  11 rats
100 creatures vanquished.

Notes
Turn   | Place    | Note
-------+----------+-------------------------------------------
     0 | D:1      | Amnesiac the Mummy Berserker began the quest for the Orb.
     0 | D:1      | Reached XP level 1. HP: 18/18 MP: 1/1
    62 | D:1      | Reached XP level 2. HP: 24/24 MP: 2/2
    99 | D:1      | Reached skill level 3 in Polearms
   458 | D:1      | Reached XP level 3. HP: 29/29 MP: 3/3
   678 | D:2      | Reached ** piety under Trog
  1062 | D:2      | Reached skill level 4 in Polearms
  1347 | D:2      | Reached XP level 4. HP: 35/35 MP: 4/4
  2104 | D:2      | Reached XP level 5. HP: 24/41 MP: 5/5
  2337 | D:3      | Reached skill level 5 in Polearms
  2429 | D:3      | Reached *** piety under Trog
  2886 | D:4      | Noticed a dagger
  2886 | D:4      | Noticed a dagger
  2888 | D:4      | Found a hide-covered altar of Uskayaw.
  2892 | D:4      | Noticed Robin
  2910 | D:4      | Reached XP level 6. HP: 17/47 MP: 6/6
  3209 | D:4      | Killed Robin
  3414 | D:4      | Noticed Menkaure
  3433 | D:5      | Entered Level 5 of the Dungeon
  3456 | D:5      | Reached skill level 6 in Polearms
  3476 | D:5      | Slain by a quokka

Vault maps used:
D:1:      dpeg_arrival_houses_and_road, kennysheep_flooded_box
D:2:      kennysheep_minor_cross
D:3:      minivault_19
D:4:      dancing_weapons_uskayaw, first_bread, grunt_ministairs_10, uniq_robin,
          uniq_menkaure
D:5:      kennysheep_little_box, grunt_temple_overflow_open,
          minmay_temple_entry_mist, minmay_bent

Skill      XL: |  1  2  3  4  5  6 |
---------------+-------------------+-----
Polearms       | 3 4 5 6 |  6.2
Fighting       | |  3.0
Armour         | |  1.5
Dodging        | |  1.5

Action                   |  1- 3 |  4- 6 || total
-------------------------+-------+-------++-------
Melee: Spear             |   174 |    84 ||   258
       Trident           |       |   200 ||   200
  Use: Scroll            |       |    10 ||    10
Armor: Animal skin       |    26 |       ||    26
       Scale mail        |    10 |   108 ||   118
Dodge: Dodged            |    80 |   168 ||   248
